 Dungeon Crawl Stone Soup version 0.21-a0-584-g185da8e (webtiles) character file.

1433 Amnesiac the Insei (level 8, 0/54 HPs)
             Began as an Octopode Transmuter on Dec 20, 2017.
             Was a Believer of Okawaru.
             Slain by a water moccasin (7 damage)
             ... on level 5 of the Dungeon.
             The game lasted 00:06:59 (4698 turns).

Amnesiac the Insei (Octopode Transmuter)            Turns: 4698, Time: 00:07:00

Health: 0/54       AC:  1    Str: 10    XL:     8   Next: 73%
Magic:  3/11       EV: 19    Int: 15    God:    Okawaru [**....]
Gold:   204        SH:  0    Dex: 14    Spells: 5/11 levels left

rFire    . . .     SeeInvis +     - Unarmed
rCold    . . .     Gourm    .   (no shield)
rNeg     + . .     Faith    +   (helmet restricted)
rPois    .         Spirit   .   s - amulet of faith
rElec    .         Reflect  .   h - ring of positive energy
rCorr    .         Harm     .   (no ring)
MR       .....                  w - ring of see invisible
Stlth    ++++......             (no ring)
HPRegen  0.18/turn              (no ring)
MPRegen  0.12/turn              (no ring)
                                (no ring)
                                (no ring)

@: heroism, very slightly contaminated, invisible
A: almost no armour, stealthy swim, amphibious, 8 rings, constrict 8, camouflage
1, gelatinous body 1
a: Heroism, Renounce Religion


You were on level 5 of the Dungeon.
You worshipped Okawaru.
Okawaru was pleased with you.
You were hungry.

You visited 2 branches of the dungeon, and saw 6 of its levels.

You collected 204 gold pieces.

Inventory:

Hand Weapons
 d - a +0 dagger of protection
Missiles
 a - 85 arrows
 e - 145 stones (quivered)
 o - 23 poisoned needles
Jewellery
 g - an uncursed ring of fire {unknown}
 h - a ring of positive energy (left tentacle)
 s - an amulet of faith (around mantle)
 w - a ring of see invisible (on tentacle)
Wands
 u - a wand of polymorph (16)
Scrolls
 j - 2 scrolls of enchant armour {!r}
 m - 4 scrolls of fear {!r}
 p - 2 scrolls of teleportation {!r}
 y - a scroll of magic mapping {!r}
 A - 2 scrolls of blinking {!r}
Potions
 i - a potion of resistance {!q, unknown}
 k - a potion of brilliance {!q}
 n - a potion of magic {!q, unknown}
 v - a potion of haste {!q}
 x - 2 potions of might {!q}
Books
 b - a book of Changes

   Spells                             Type                      Level
   a - Beastly Appendage              Transmutation                1
   b - Sticks to Snakes               Transmutation                2
   c - Spider Form                    Transmutation/Poison         3
   d - Ice Form                       Ice/Transmutation            4
   e - Blade Hands                    Transmutation                5
Comestibles
 c - 13 rations
 l - 5 chunks of flesh


   Skills:
 + Level 4.7(9.7) Fighting
 + Level 4.7(9.7) Dodging
 * Level 6.9(11.9) Unarmed Combat
 - Level 2.0 Spellcasting
 + Level 4.7 Transmutations
 + Level 3.0 Invocations


You had 5 spell levels left.
You knew the following spells:

 Your Spells              Type           Power        Failure   Level  Hunger
a - Beastly Appendage     Tmut           ###...       3%          1    #......
b - Sticks to Snakes      Tmut           ###.....     4%          2    ###....
e - Spider Form           Tmut/Pois      #.........   26%         3    ###....


Dungeon Overview and Level Annotations

Branches:
Dungeon (5/15)             Temple (1/1) D:4

Altars:
Ashenzari
Cheibriados
Fedhas
Makhleb
Nemelex Xobeh
Okawaru
Ru
Trog
Wu Jian
Yredelemnul
The Shining One

Annotations:
D:5 Pikel


Innate Abilities, Weirdness & Mutations

You cannot wear most types of armour.
You are very stealthy in the water. (Stealth+)
You are amphibious.
You can wear up to eight rings at the same time.
You can use your tentacles to constrict eight enemies at once.
Your skin changes colour to match your surroundings (Stealth+).
Your rubbery body absorbs attacks. (AC +1, EV +1)


Message History

You closely miss the phantom. The phantom hits you.
* * * LOW HITPOINT WARNING * * *
You miss the phantom.
You feel sick. The phantom barely misses you.
You see here a tomahawk.
Items here: $ ) [ † a dagger of venom; a robe; 19 gold pieces; an orc corpse You feel sick.
You feel sick.
The phantom blinks!
The phantom blinks!
A water moccasin comes into view.
You feel sick.
An orc comes into view. It is wielding a hand axe.
You feel sick.
You are no longer poisoned.
The phantom blinks!
The water moccasin hisses angrily.
You barely miss the water moccasin. The water moccasin misses you.
You tentacle-slap the water moccasin.
The water moccasin is moderately wounded.
The water moccasin bites you!
* * * LOW HITPOINT WARNING * * *
The phantom completely misses you. The water moccasin bites you!
* * * LOW HITPOINT WARNING * * *
You are lethally poisoned!
The water moccasin poisons you!
The phantom blinks!
Really quaff
f - 2 potions of curing {!q}?
You feel better.
You are feeling hungry.
The water moccasin bites you.
* * * LOW HITPOINT WARNING * * *
The water moccasin bites you!
* * * LOW HITPOINT WARNING * * *
You are lethally poisoned!
The water moccasin poisons you!
Really quaff
z - a potion of invisibility {!q}?
You fade into invisibility!
* * * LOW HITPOINT WARNING * * *
You feel sick. The water moccasin bites you.
* * * LOW HITPOINT WARNING * * *
You are very lightly contaminated with residual magic.
Really quaff
f - a potion of curing {!q}?
You feel better. The water moccasin bites you.
* * * LOW HITPOINT WARNING * * *
The water moccasin closely misses you.
You gain the combat prowess of a mighty hero.
Okawaru will no longer gift you ammunition.
The water moccasin misses you.
Casting: Spider Form
Confirm with . or Enter, or press ? or * to list all spells.
Okay, then.
Casting: Spider Form
Confirm with . or Enter, or press ? or * to list all spells.
You miscast Spider Form.
You feel mildly nauseous. The water moccasin barely misses you.
The phantom hits you.
* * * LOW HITPOINT WARNING * * *
The phantom blinks!
Casting: Spider Form
Confirm with . or Enter, or press ? or * to list all spells.
You miscast Spider Form.
Waves of light ripple over your body.
The water moccasin completely misses you.
The water moccasin bites you!
You die...

###..#.... #..#.##.
#################
#..#.##.
#.........S.....#
#.......
#.##.W####.#####)#
##......
#.#...........##(####
#.#....
.......###.##..))..)#
#.#....
.......###.#####S##.#
#.##...
............W..§@##.#
#.##.#.
.o.....############.#
#...... .......# #.#
#####.. .......# #.##
#.. .......# #
####..### #.. ##.#####
... #.......########..
#.
.....#.#...÷...#.......
#
...........#.#.....>...
.....#.#...#.#.#.......


You could see a phantom and a water moccasin.

Vanquished Creatures
  The ghost of Gorglomux the Caller, a novice FoSu (D:5)
  An ice beast (D:5)
  3 slaves (D:5)
  2 ogres
  A howler monkey (D:5)
  A crimson imp (D:5)
  A hound (D:5)
  4 orc priests
  3 orc wizards (D:5)
  Jessica (D:3)
  An iguana (D:5)
  Ijyb (D:3)
  Terence (D:2)
  Natasha (thrice) (D:3)
  4 worker ants
  A killer bee zombie (D:5)
  A hound zombie (D:5)
  Robin (D:2)
  3 gnolls (D:4)
  6 adders
  An ooze (D:1)
  2 dart slugs
  A worm (D:5)
  2 leopard geckos (D:1)
  16 orcs
  4 ball pythons
  6 bats
  2 giant cockroaches
  17 goblins
  10 hobgoblins
  13 jackals
  2 quokkas (D:3)
  6 frilled lizards
  7 kobolds
  A quokka zombie (D:5)
  10 rats
  A plant (D:3)
141 creatures vanquished.

Notes
Turn   | Place    | Note
-------+----------+-------------------------------------------
     0 | D:1      | Amnesiac the Octopode Transmuter began the quest for the Orb.
     0 | D:1      | Reached XP level 1. HP: 13/13 MP: 3/3
    27 | D:1      | Reached XP level 2. HP: 15/19 MP: 5/5
    31 | D:1      | Learned a level 2 spell: Sticks to Snakes
   265 | D:1      | Reached XP level 3. HP: 24/24 MP: 6/6
   831 | D:2      | Learned a level 3 spell: Spider Form
   892 | D:2      | Reached XP level 4. HP: 18/30 MP: 7/7
   943 | D:2      | Noticed Robin
  1206 | D:2      | Killed Robin
  1328 | D:2      | Noticed Terence
  1338 | D:2      | Killed Terence
  1463 | D:2      | Reached XP level 5. HP: 25/35 MP: 8/8
  1536 | D:2      | Reached skill level 4 in Unarmed Combat
  2162 | D:3      | Noticed Natasha
  2170 | D:3      | Killed Natasha
  2215 | D:3      | Found a burning altar of Makhleb.
  2215 | D:3      | Found a snail-covered altar of Cheibriados.
  2215 | D:3      | Found a bloodstained altar of Trog.
  2274 | D:3      | Noticed Ijyb
  2280 | D:3      | Killed Ijyb
  2306 | D:3      | Noticed Jessica
  2315 | D:3      | Killed Jessica
  2408 | D:3      | Reached XP level 6. HP: 37/42 MP: 9/9
  2577 | D:3      | Noticed Natasha
  2580 | D:3      | Killed Natasha
  2713 | D:3      | Noticed Natasha
  2721 | D:3      | Killed Natasha
  2850 | D:4      | Found a staircase to the Ecumenical Temple.
  2932 | Temple   | Entered the Ecumenical Temple
  2939 | Temple   | Became a worshipper of Warmaster Okawaru
  2959 | D:4      | Reached skill level 5 in Unarmed Combat
  3175 | D:4      | Reached XP level 7. HP: 29/46 MP: 10/10
  3255 | D:4      | Found a sparkling altar of Nemelex Xobeh.
  3615 | D:5      | Entered Level 5 of the Dungeon
  3632 | D:5      | Reached * piety under Okawaru
  3662 | D:5      | Reached skill level 1 in Invocations
  3948 | D:5      | Reached skill level 6 in Unarmed Combat
  4030 | D:5      | Reached XP level 8. HP: 47/54 MP: 11/11
  4322 | D:5      | Reached ** piety under Okawaru
  4331 | D:5      | Noticed Gorglomux's ghost (novice FoSu)
  4352 | D:5      | Killed Gorglomux's ghost
  4436 | D:5      | Noticed Pikel
  4658 | D:5      | Reached *** piety under Okawaru
  4694 | D:5      | HP: 2/54 [water moccasin (3)]
  4698 | D:5      | Slain by a water moccasin

Vault maps used:
D:1:      roderic_chinese_lattice_arrival
D:2:      uniq_robin, uniq_terence
D:3:      gammafunk_temple_overflow_forgotten, first_ration, uniq_natasha,
          uniq_jessica, uniq_ijyb
D:4:      minmay_wonky_spiral, nemelex_altar_shiori, temple_fountains,
          minmay_misc_feat_room
D:5:      uniq_pikel
Temple:   cyrus_circular_temple

Skill      XL: |  1  2  3  4  5  6  7  8 |
---------------+-------------------------+-----
Fighting       | 2 3 4 |  4.7
Unarmed Combat | 4 5 6 |  6.9
Dodging        | 3 4 |  4.7
Transmutations | 3 4 |  4.7
Invocations    | 1 3 |  3.0
Spellcasting   | |  2.0

Action                   |  1- 3 |  4- 6 |  7- 9 || total
-------------------------+-------+-------+-------++-------
Melee: Unarmed           |    85 |   171 |   150 ||   406
       Constrict         |    27 |    36 |    32 ||    95
       Tentacles         |    14 |    40 |    34 ||    88
       Punch             |     3 |     2 |     3 ||     8
Throw: Stone             |       |       |     2 ||     2
 Cast: Spider Form       |       |     3 |     1 ||     4
       Sticks to Snakes  |       |       |     5 ||     5
Invok: Heroism           |       |       |     1 ||     1
  Use: Scroll            |       |       |    13 ||    13
       Potion            |       |       |     4 ||     4
 Stab: Sleeping          |     6 |     4 |     4 ||    14
       Distracted        |       |       |     1 ||     1
  Eat: Chunk             |       |     8 |     5 ||    13
Armor: Skin              |     7 |     2 |    11 ||    20
Dodge: Dodged            |    68 |    95 |    83 ||   246

Table legend:
 A = Spawn XP
 B = Non-spawn XP
 C = Spawn XP percentage of total XP
 D = Spawn monster count
 E = Non-spawn monster count
 F = Spawn count percentage of total count
 G = Total turns spent on level
                    A         B        C        D         E        F      G
               +---------+---------+-------+---------+---------+-------+---------
         Total |       0 |    2048 |   0.0 |       0 |     137 |   0.0 |  4698
               +---------+---------+-------+---------+---------+-------+---------
           D:1 |       0 |      65 |   0.0 |       0 |      35 |   0.0 |   816
           D:2 |       0 |     113 |   0.0 |       0 |      26 |   0.0 |  1183
           D:3 |       0 |     218 |   0.0 |       0 |      22 |   0.0 |   750
           D:4 |       0 |     353 |   0.0 |       0 |      20 |   0.0 |   889
           D:5 |       0 |    1299 |   0.0 |       0 |      34 |   0.0 |  1045
               +---------+---------+-------+---------+---------+-------+---------
